 Dungeon Crawl Stone Soup version 0.31.0-12-g77e489cdc1 (webtiles) character file.

Game seed: 13278963808983567023

18096 monsoonserge the Unseen (level 12, -7/56 HPs)
             Began as a Spriggan Monk on Feb 19, 2024.
             Was a Follower of Uskayaw.
             Mangled by an ice dragon (13 damage)
             ... on level 11 of the Dungeon.
             The game lasted 00:48:22 (11710 turns).

monsoonserge the Unseen (Spriggan Monk)            Turns: 11710, Time: 00:48:22

Health: -7/56      AC:  1    Str:  7    XL:     12   Next: 24%
Magic:  16/19      EV: 26    Int: 12    God:    Uskayaw [*.....]
Gold:   944        SH:  0    Dex: 22    Spells: 11/11 levels left

rFire   . . .        I - +4 dagger (chaos)
rCold   + . .        (no shield)
rNeg    . . .        E - melded +2 steam dragon scales
rPois   .            (helmet restricted)
rElec   .            p - +0 cloak {rC+}
rCorr   .            (gloves unavailable)
SInv    +            (boots unavailable)
Will    ++...        D - amulet of faith
Stlth   ++++++       (no ring)
HPRegen 0.29/turn    (no ring)
MPRegen 0.16/turn

%: faith
@: about to teleport, maw-form, studying Shapeshifting, very quick
A: devouring maw, reduced hp, very small, no large weapons, unfitting armour,
see invisible, speed 3
a: Begin Untransformation, Renounce Religion, Stomp


You were on level 11 of the Dungeon.
You worshipped Uskayaw.
Uskayaw was aware of your devotion.
You were a creature with a mouth for a stomach.
You visited 3 branches of the dungeon, and saw 13 of its levels.
You also visited: Ossuary and Ice Cave.

You collected 944 gold pieces.

Inventory:

Hand Weapons
 o - a +2 dagger of venom
 I - a +4 dagger of chaos (weapon)
Missiles
 i - 9 boomerangs (quivered)
 m - 4 atropa-tipped darts
 B - 37 poisoned darts
 P - 2 curare-tipped darts
Armour
 p - a +0 cloak of cold resistance (worn)
 t - a +0 robe of fire resistance
 E - +2 steam dragon scales (melded)
 J - a +1 robe of willpower
 O - a +1 robe of cold resistance
 S - +1 acid dragon scales
Magical Staves
 x - a staff of earth
Jewellery
 b - an amulet of regeneration
 D - an amulet of faith (around neck)
 Q - an amulet of the acrobat
Talismans
 T - a maw talisman (active)
Wands
 h - a wand of flame (21)
 C - a wand of mindburst (14)
 F - a wand of digging (3)
 G - a wand of charming (21)
 L - a wand of polymorph (9)
 M - a wand of acid (8)
 X - a wand of iceblast (3)
Scrolls
 d - a scroll of acquirement
 e - a scroll of fog
 f - 6 scrolls of amnesia
 j - 6 scrolls of blinking
 k - 2 scrolls of teleportation
 q - 4 scrolls of enchant armour {unknown}
 s - a scroll of revelation
 y - a scroll of fear
 A - a scroll of vulnerability {unknown}
 H - a scroll of silence {unknown}
 N - a scroll of brand weapon {unknown}
 R - a scroll of butterflies {unknown}
 U - a scroll of poison {unknown}
 Y - a scroll of enchant weapon {unknown}
Potions
 a - 3 potions of cancellation
 c - 3 potions of ambrosia
 g - 2 potions of magic {unknown}
 l - 5 potions of degeneration {unknown}
 n - 3 potions of invisibility
 r - 3 potions of brilliance
 u - 4 potions of curing
 v - a potion of resistance {unknown}
 w - 4 potions of heal wounds
 z - 5 potions of haste
 K - a potion of mutation {unknown}
 W - a potion of might {unknown}
Miscellaneous
 V - a phial of floods
 Z - a condenser vane


   Skills:
 + Level 6.1 Fighting
 - Level 10.0 Short Blades
 + Level 5.9 Throwing
 + Level 10.4 Dodging
 + Level 15.0 Stealth
 - Level 8.0 Invocations
 + Level 5.3 Evocations
 * Level 9.2 Shapeshifting


You had 11 spell levels left.
You didn't know any spells.
Your spell library contained the following spells:

 Spells                   Type           Power      Damage    Failure   Level
 Sandblast                Erth           0%         2d4       32%         1
 Summon Small Mammal      Summ           0%         N/A       32%         1
 Call Imp                 Summ           0%         N/A       45%         2
 Sublimation of Blood     Necr           0%         N/A       45%         2
 Call Canine Familiar     Summ           0%         N/A       69%         3
 Passwall                 Erth           0%         N/A       69%         3
 Sigil of Binding         Hex            0%         N/A       69%         3
 Stone Arrow              Conj/Erth      0%         3d7       69%         3
 Summon Ice Beast         Ice/Summ       0%         N/A       69%         3
 Animate Armour           Summ/Erth      0%         N/A       97%         4
 Brom's Barrelling Bould  Conj/Erth      0%         2d3       97%         4
 Dimensional Bullseye     Hex/Tloc       0%         N/A       97%         4
 Summon Blazeheart Golem  Fire/Summ      0%         N/A       97%         4
 Borgnjor's Vile Clutch   Necr/Erth      0%         N/A       100%        5
 Summon Mana Viper        Hex/Summ       0%         N/A       100%        5
 Plasma Beam              Fire/Air       0%         2x1d10    100%        6
 Monstrous Menagerie      Summ           0%         N/A       100%        7
 Summon Hydra             Summ           0%         N/A       100%        7


Dungeon Overview and Level Annotations

Branches:
Dungeon (11/15)            Temple (1/1) D:4            Lair (0/5) D:8
    Orc (1/2) D:9         Ossuary (visited)           IceCv (visited)

Altars:
Ashenzari
Cheibriados
Dithmenos
Elyvilon
Fedhas
Gozag
Hepliaklqana
Kikubaaqudgha
Makhleb
Nemelex Xobeh
Okawaru
Qazlal
Ru
Sif Muna
Trog
Uskayaw
Vehumet
Wu Jian
Xom
Yredelemnul
Zin
The Shining One

Shops:
D:8 [   D:9 =

Annotations:
D:4 Sigmund


Innate Abilities, Weirdness & Mutations

You are a creature with a mouth for a stomach.
Your midsection houses a second, enormous mouth.
Your maximum health is decreased, since you lack skill for your form.
You are very small and have problems with some larger weapons.
You are too small for most types of armour.
You have supernaturally acute eyesight. (SInv)
You cover ground extremely quickly. (Speed+++)


Message History

You see here a +0 arbalest.
You see here a -4 scythe of freezing.
You see here a +0 arbalest.
You see here a +0 morningstar of freezing.
There is a fountain of sparkling water here.
There is an open door here.
There is an open door here.
There is an open door here.
There is a fountain of sparkling water here.
There is an ice covered gate leading back out of this place here.
Welcome back to the Dungeon!
The ice dragon breathes frost at you. The blast of cold misses you.
The polar bear completely misses you. x2
The polar bear barely misses you.
There is a collapsed entrance here.
Press: ? - help, v - describe, . - travel
Here: an ice dragon The floor.
Press: ? - help, v - describe, . - travel
Here: an ice dragon The floor.
Aiming: Throw Flame
Press: ? - help, Shift-Dir - straight line, f - polar bear
Aim: a polar bear (81% to hit)
The puff of flame hits the polar bear.
The polar bear is lightly wounded.
The polar bear bites you! The polar bear completely misses you.
The polar bear claws you but does no damage.
You stomp with the beat, sending a shockwave through the revellers around you!
The ice dragon is moderately wounded.
The polar bear is moderately wounded.
You can no longer stomp with the beat.
The ice dragon breathes frost at you. The blast of cold hits you!! You resist.
The polar bear closely misses you. x2
The polar bear misses you.
You can now stomp with the beat.
As you read the scroll of teleportation, it crumbles to dust.
You feel strangely unstable. The ice dragon bites you!
* * * LOW HITPOINT WARNING * * *
The ice dragon claws you!
You die...

########### #.........#
#..>......# #........##
#.....[[#######
#.......###...#### ####
#......[##..h..#.####..#
#######.##..WD....÷#.#.#
#######...##......###÷##.##
#........####...#.# ####..#
#......<.# #############'###
#........#### ###........#
#........'..# #..........#
#........##.######..........#
#........##......'..)).(....#
#........#########...)......#


You could see an ice dragon (catching breath) and a polar bear.

Vanquished Creatures
  A reaper (IceCv)
  Snorg (D:10)
  Erolcha (D:10)
  2 centaur warriors (D:9)
  2 two-headed ogres
  Pikel (D:8)
  A wolf spider (D:9)
  A manticore (D:9)
  Maurice (D:7)
  Joseph (D:8)
  2 ice statues (IceCv)
  2 black mambas (shapeshifter) (D:9)
  Maggie (D:7)
  4 ice devils (IceCv)
  An anaconda simulacrum (IceCv)
  Psyche (D:8)
  A polar bear (D:11)
  Grinder (D:5)
  A troll (Orc:1)
  A slime creature (D:9)
  A wyvern (D:10)
  4 dire elephant simulacra (IceCv)
  10 yaks
  2 basilisks (D:9)
  A neqoxec (IceCv)
  A steam dragon (D:8)
  2 harpy simulacra (IceCv)
  A water moccasin (D:4)
  3 hydra simulacra (IceCv)
  Duvessa (D:5)
  3 orc warriors
  An ice beast (D:6)
  2 sky beasts
  3 black bears
  6 centaurs
  2 ogres
  3 wolves (D:11)
  6 phantoms
  4 kobold brigands
  A two-headed ogre simulacrum (IceCv)
  2 bullfrogs
  A gnoll sergeant (D:10)
  A cane toad simulacrum (IceCv)
  Dowan (D:5)
  6 killer bees (D:10)
  3 howler monkeys (D:10)
  A bombardier beetle (D:4)
  A jelly (D:5)
  7 orc priests
  2 gnoll boudas
  3 hounds
  3 sleepcaps
  4 iguanas
  17 orc wizards
  2 spriggan simulacra (IceCv)
  8 mummies (Ossuary)
  9 gnolls
  11 adders
  A shadow imp (D:6)
  5 white imps
  A dart slug (D:3)
  2 ribbon worms
  22 orcs
  7 ball pythons
  5 endoplasms
  2 gnoll zombies (Ossuary)
  6 hobgoblins
  16 kobolds
  4 quokkas
  6 bats
  A frilled lizard (D:3)
  4 goblins
  2 hobgoblin zombies (Ossuary)
  A kobold zombie (Ossuary)
  3 orc zombies (Ossuary)
  4 rats
258 creatures vanquished.

Vanquished Creatures (others)
  An orc (D:9)
1 creature vanquished.

Grand Total: 259 creatures vanquished

Notes
Turn   | Place    | Note
-------+----------+-------------------------------------------
     0 | D:1      | monsoonserge the Spriggan Monk began the quest for the Orb.
     0 | D:1      | Reached XP level 1. HP: 11/11 MP: 2/2
   171 | D:1      | Reached XP level 2. HP: 12/16 MP: 3/3
   341 | D:1      | Found a faded altar of an unknown god.
   828 | D:2      | Reached XP level 3. HP: 15/19 MP: 4/4
  1495 | D:3      | Reached XP level 4. HP: 23/23 MP: 5/5
  1538 | D:3      | Reached skill level 5 in Short Blades
  1902 | D:3      | Reached XP level 5. HP: 17/28 MP: 6/6
  2562 | D:4      | Found a staircase to the Ecumenical Temple.
  2593 | Temple   | Entered the Ecumenical Temple
  2629 | Temple   | Became a worshipper of Uskayaw the Reveller
  2629 | Temple   | Reached * piety under Uskayaw
  2679 | D:4      | Found a sand-covered staircase.
  2700 | Ossuary  | Entered an ossuary
  2726 | Ossuary  | Reached ** piety under Uskayaw
  2754 | Ossuary  | Reached skill level 1 in Stealth
  2878 | Ossuary  | Reached skill level 5 in Dodging
  2927 | Ossuary  | Reached XP level 6. HP: 29/32 MP: 7/7
  3166 | D:4      | Reached skill level 1 in Throwing
  3166 | D:4      | Reached skill level 1 in Invocations
  3274 | D:5      | Entered Level 5 of the Dungeon
  3283 | D:5      | Noticed a water moccasin
  3379 | D:4      | Noticed Sigmund
  3679 | D:4      | Reached *** piety under Uskayaw
  3957 | D:4      | Killed a water moccasin
  3958 | D:4      | Reached XP level 7. HP: 13/36 MP: 2/9
  4353 | D:4      | Reached skill level 2 in Stealth
  4592 | D:5      | Noticed Duvessa
  4593 | D:5      | Noticed Dowan
  4645 | D:5      | Noticed Grinder
  4656 | D:5      | Paralysed by Grinder for 2 turns
  4676 | D:5      | Killed Grinder
  4677 | D:5      | Reached skill level 3 in Stealth
  4677 | D:5      | Reached XP level 8. HP: 24/40 MP: 6/11
  5063 | D:5      | Killed Dowan
  5064 | D:5      | Killed Duvessa
  5510 | D:6      | Reached skill level 4 in Stealth
  6280 | D:6      | Reached skill level 5 in Stealth
  6356 | D:7      | Reached XP level 9. HP: 45/45 MP: 13/13
  6447 | D:6      | Got Gyiq Kex's Discursus on Topomancy and Fever
  6690 | D:7      | Noticed Maurice
  6697 | D:7      | Killed Maurice
  6698 | D:7      | Reached skill level 6 in Stealth
  6765 | D:7      | Reached skill level 1 in Evocations
  6877 | D:7      | Noticed Maggie
  6882 | D:7      | Killed Maggie
  6883 | D:7      | Reached skill level 7 in Stealth
  6883 | D:7      | Reached skill level 5 in Invocations
  7008 | D:7      | Found a snail-covered altar of Cheibriados.
  7307 | D:8      | Found a staircase to the Lair.
  7378 | D:8      | Found Duinwoxy's Armour Emporium.
  7408 | D:8      | Noticed Psyche
  7497 | D:8      | Noticed Pikel
  7520 | D:8      | Killed Pikel
  7521 | D:8      | Reached skill level 8 in Stealth
  7521 | D:8      | Reached XP level 10. HP: 51/51 MP: 15/15
  7534 | D:8      | Noticed Joseph
  7570 | D:8      | Noticed a two-headed ogre
  7573 | D:8      | Killed a two-headed ogre
  7693 | D:8      | Killed Psyche
  7694 | D:8      | Reached skill level 9 in Stealth
  7821 | D:8      | Killed Joseph
  8031 | D:9      | Reached **** piety under Uskayaw
  8032 | D:9      | Reached skill level 5 in Fighting
  8035 | D:9      | Reached skill level 10 in Stealth
  8177 | D:9      | Noticed a centaur warrior
  8179 | D:9      | Noticed a moth of wrath
  8186 | D:9      | Reached ***** piety under Uskayaw
  8188 | D:9      | a moth of wrath changed into a black mamba
  8188 | D:9      | Noticed a black mamba (shapeshifter)
  8191 | D:9      | Killed a centaur warrior
  8192 | D:9      | Reached skill level 10 in Short Blades
  8195 | D:9      | Killed a black mamba
  8196 | D:9      | Reached skill level 11 in Stealth
  8246 | D:9      | Found a staircase to the Orcish Mines.
  8272 | D:9      | Noticed a two-headed ogre
  8293 | D:9      | Killed a two-headed ogre
  8294 | D:9      | Reached XP level 11. HP: 42/56 MP: 12/17
  8371 | D:9      | Found Otemp's Jewellery Shop.
  8643 | D:9      | Reached skill level 12 in Stealth
  8643 | D:9      | Noticed a centaur warrior
  8652 | D:9      | Killed a centaur warrior
  8714 | Orc:1    | Entered Level 1 of the Orcish Mines
  8746 | D:10     | Entered Level 10 of the Dungeon
  8752 | D:10     | Noticed Snorg
  8957 | D:9      | Reached skill level 13 in Stealth
  8960 | D:9      | Reached skill level 10 in Dodging
  9089 | D:9      | Noticed a wolf spider
  9113 | D:9      | Reached skill level 1 in Shapeshifting
  9189 | D:9      | Killed a wolf spider
  9407 | D:10     | Reached skill level 14 in Stealth
  9695 | D:10     | Noticed Erolcha
  9702 | D:10     | Killed Erolcha
  9703 | D:10     | Reached skill level 5 in Shapeshifting
  9862 | D:10     | Killed Snorg
 10188 | D:11     | Noticed a tengu warrior
 10227 | D:11     | Noticed a cyan ugly thing
 10227 | D:11     | Noticed a five-headed hydra
 10228 | D:11     | Noticed a four-headed hydra
 10228 | D:11     | Noticed a deep elf pyromancer
 10371 | D:11     | Noticed a centaur warrior
 10465 | D:11     | Identified a scroll of acquirement
 10556 | D:11     | Found a frozen archway.
 10558 | D:11     | Noticed an ice dragon
 10644 | D:11     | Reached skill level 5 in Throwing
 10660 | D:11     | Reached skill level 5 in Evocations
 10674 | IceCv    | Entered an ice cave
 10966 | IceCv    | Reached XP level 12. HP: 61/61 MP: 18/18
 11230 | IceCv    | Noticed a reaper
 11233 | IceCv    | Killed a reaper
 11509 | IceCv    | Reached skill level 15 in Stealth
 11710 | D:11     | Mangled by an ice dragon

Illustrated notes

Levels and vault maps discovered:
D:1:      lemuel_arrival_broad_hall, layout_loops_cross, basic_ecumenical_altar,
          roderic_roman_lattice
D:2:      layout_basic, kennysheep_generic_room_13
D:3:      layout_basic
D:4:      layout_cave_pods, minmay_temple_entry_grid,
          lightli_ossuary_entry_decrepit_ruins, kennysheep_decorative_pillar,
          uniq_sigmund
D:5:      layout_layer_cave, uniq_grinder, uniq_duvessa
D:6:      layout_loops_cross, grunt_decor_clamped,
          serial_library_regret_index_headful
D:7:      layout_basic, cheibrodos_worm_habitat, uniq_maurice, uniq_maggie
D:8:      layout_basic, lair_entry_dummy, serial_shops, nicolae_square_shop,
          uniq_psyche, uniq_pikel, uniq_joseph
D:9:      minmay_chopped_fan, layout_loops_cross, orc_0_dummy, serial_shops,
          shop
D:10:     layout_basic, uniq_erolcha, uniq_snorg
D:11:     layout_roguey [special_room_orc],
          portal_ice_cave_entry_animals_and_master, serial_curves,
          eino_curves_01, eino_curves_02, grunt_decor_cap, minivault_28
Temple:   minmay_crystal_snake_temple
Orc:1:    layout_diamond_mine, basic_altar, uniq_erica

Skill      XL: |  1  2  3  4  5  6  7  8  9 10 11 12 |
---------------+-------------------------------------+-----
Short Blades   | 4 5 6 7 8 9 10 | 10.0
Stealth        | 1 3 5 8 11 14 15 | 15.0
Dodging        | 5 6 7 8 9 10 | 10.4
Fighting       | 3 4 5 6 |  6.1
Throwing       | 2 3 4 5 |  5.9
Invocations    | 1 3 4 5 6 7 8 |  8.0
Evocations     | 2 4 5 |  5.3
Shapeshifting  | 9 |  9.2

Action                     |  1- 3 |  4- 6 |  7- 9 | 10-12 || total
---------------------------+-------+-------+-------+-------++-------
  Melee: Short sword       |   106 |   282 |       |       ||   388
         Dagger            |       |    15 |   457 |   444 ||   916
         Punch             |       |     2 |     6 |     8 ||    16
         Maw               |       |       |       |    11 ||    11
  Throw: Boomerang         |       |    39 |    17 |    42 ||    98
         Dart              |       |       |     1 |     1 ||     2
 Invoke: Stomp             |       |     6 |    14 |    26 ||    46
         Line Pass         |       |     3 |     1 |     9 ||    13
  Evoke: Wand              |       |       |       |    22 ||    22
    Use: Scroll            |       |     1 |     7 |     8 ||    16
         Potion            |       |       |       |     4 ||     4
   Stab: Sleeping          |     1 |     1 |    10 |    19 ||    31
         Confused          |       |     1 |     1 |    11 ||    13
         Paralysed         |       |       |     4 |    15 ||    19
         Distracted        |       |       |     2 |     6 ||     8
         Held in net/web   |       |       |       |     2 ||     2
         Petrifying        |       |       |       |     1 ||     1
 Armour: Robe              |    27 |    52 |    81 |    25 ||   185
         Steam dragon scal |       |       |    11 |    88 ||    99
         Skin              |       |       |       |     9 ||     9
  Dodge: Dodged            |    64 |   207 |   259 |   380 ||   910
   Form: Maw               |       |       |       |     3 ||     3
                           |       |       |       |     1 ||     1
